 Dungeon Crawl Stone Soup version 0.28-a0-60-g54b5640690 (webtiles) character file.

Game seed: 11349686071261081753

7 horus123 the Skirmisher (level 1, -1/18 HPs)
             Began as a Demonspawn Abyssal Knight on July 30, 2021.
             Was an Initiate of Lugonu.
             Frozen to death by an endoplasm (5 damage)
             ... on level 1 of the Dungeon.
             The game lasted 00:01:28 (166 turns).

horus123 the Skirmisher (Demonspawn Abyssal Knight)  Turns: 166, Time: 00:01:28

Health: -1/18      AC:  3    Str: 12    XL:     1   Next: 83%
Magic:  2/2        EV: 11    Int: 13    God:    Lugonu [......]
Gold:   12         SH:  0    Dex: 12    Spells: 0/0 levels left

rFire   . . .      SeeInvis .   a - +1 hand axe
rCold   . . .      Faith    .   (no shield)
rNeg    . . .      Spirit   .   b - +0 leather armour
rPois   .          Reflect  .   (no helmet)
rElec   .          Harm     .   (no cloak)
rCorr   .          Rampage  .   (no gloves)
Will    +....                   (no boots)
Stlth   +.........              (no amulet)
HPRegen 0.06/turn               d - ring of willpower
MPRegen 0.08/turn               (no ring)

@: no status effects
A: no striking features
a: Renounce Religion


You were on level 1 of the Dungeon.
You worshipped Lugonu.
Lugonu was noncommittal.
You visited 1 branch of the dungeon, and saw 1 of its levels.
You visited the Abyss 1 time.

You collected 12 gold pieces.

Inventory:

Hand Weapons
 a - a +1 hand axe (weapon)
 c - a +0 morningstar
Armour
 b - a +0 leather armour (worn)
Jewellery
 d - a ring of willpower (left hand)


   Skills:
 + Level 3.0 Fighting
 + Level 2.0 Axes
 + Level 1.7 Armour
 + Level 0.8 Dodging
 + Level 2.9 Invocations


You couldn't memorise any spells.
You didn't know any spells.
Your spell library was empty.

Dungeon Overview and Level Annotations

Branches:
Dungeon (1/15)

Altars:


Message History

The jackal bites you but does no damage.
The rat misses you.
The endoplasm jiggles.
You closely miss the rat. You hit the jackal. The jackal misses you.
The rat barely misses you. The jackal bites you.
You hit the rat.
You kill the rat!
Lugonu accepts your kill.
You barely miss the jackal. The jackal closely misses you. x2
The jackal misses you.
You hit the jackal.
The jackal is heavily wounded.
You closely miss the jackal. The jackal misses you.
The jackal closely misses you.
You barely miss the jackal.
The jackal is heavily wounded.
You barely miss the jackal.
The jackal bites you. x2; The jackal misses you.
The jackal bites you but does no damage.
You closely miss the jackal.
The jackal is heavily wounded.
You hit the jackal. The jackal closely misses you. The jackal bites you.
The jackal closely misses you. The jackal bites you.
You hit the jackal.
You kill the jackal!
Lugonu accepts your kill.
You hit the jackal.
You kill the jackal!
Lugonu accepts your kill.
The endoplasm hits you but does no damage.
Your Axes skill increases to level 2!
You hit the endoplasm.
The endoplasm is severely wounded.
The endoplasm freezes you.
You are frozen.
* * * LOW HITPOINT WARNING * * *
You hit the endoplasm.
The endoplasm is almost dead.
The endoplasm freezes you.
You are frozen.
You die...

###############
#......B......#
.....rrrB....#
...JJJJhr...#..
#######J#######.#
#.....†@......#.#
+⌠....###....⌠+.#
#......<......#.# #
#..⌠...>...⌠..#.#####.#
###+#######'###.......#
....................
###...##......###..
....( #.###..# ###. #.#
...#


You could see 5 endoplasms, a jackal, 2 giant cockroaches and 4 rats.

Vanquished Creatures
  2 giant cockroaches (D:1)
  2 jackals (D:1)
  A bat (D:1)
  A rat (D:1)
6 creatures vanquished.

Notes
Turn   | Place    | Note
-------+----------+-------------------------------------------
     0 | Abyss:1  | horus123 the Demonspawn Abyssal Knight began the quest for
                  | the Orb.
     0 | Abyss:1  | Reached XP level 1. HP: 18/18 MP: 2/2
    98 | Abyss:1  | Noticed a raiju
    99 | D:1      | Escaped the Abyss
   101 | D:1      | Found a runed translucent door.
   166 | D:1      | Frozen to death by an endoplasm

Illustrated notes

Levels and vault maps discovered:
D:1:      dpeg_arrival_caged_fury, layout_loops_cross

Skill      XL: |  1 |
---------------+----+-----
Axes           | 2 |  2.0
Fighting       | |  3.0
Armour         | |  1.7
Dodging        | |  0.8
Invocations    | |  2.9

Action                   || total
-------------------------++-------
Melee: Hand axe          ||    18
Invok: Depart the Abyss  ||     1
Armor: Leather armour    ||     6
Dodge: Dodged            ||    21

Table legend: (Time is in decaauts)
 A = Elapsed time spent in this place.
 B = Non-inter-level travel time spent in this place.
 C = Inter-level travel time spent in this place.
 D = Time resting spent in this place.
 E = Time spent auto-exploring this place.
 F = Levels seen in this place.
 G = Mean time per level.
                   A        B        C        D        E       F      G
               +--------+--------+--------+--------+--------+-----+--------+
         Total |    169 |    169 |      0 |      0 |     99 |   2 |   84.5 |
       Dungeon |     68 |     68 |      0 |      0 |      0 |   1 |   68.0 |
         Abyss |    100 |    100 |      0 |      0 |     99 |   1 |  100.0 |
               +--------+--------+--------+--------+--------+-----+--------+

Top non-repeatable levels by time:
 Abyss:1: 100 daAuts
     D:1: 68 daAuts
